 Dungeon Crawl Stone Soup version 0.28.0 (webtiles) character file.

Game seed: 12501686952732030642

42 mdonais the Sneak (level 3, -2/26 HPs)
             Began as an Octopode Brigand on Feb 17, 2022.
             Slain by a gnoll (9 damage)
             ... on level 2 of the Dungeon.
             The game lasted 00:02:31 (1262 turns).

mdonais the Sneak (Octopode Brigand)                Turns: 1262, Time: 00:02:31

Health: -2/26      AC:  1    Str: 10    XL:     3   Next: 56%
Magic:  3/3        EV: 13    Int: 13    God:
Gold:   103        SH:  0    Dex: 15    Spells: 0/2 levels left

rFire   . . .      SeeInvis .   d - +1 dagger (elec)
rCold   . . .      Faith    .   (no shield)
rNeg    . . .      Spirit   .   (helmet restricted)
rPois   .          Reflect  .   (no amulet)
rElec   .          Harm     .   (no ring)
rCorr   .          Rampage  .   (no ring)
Will    .....                   (no ring)
Stlth   ++++......              (no ring)
HPRegen 0.08/turn               (no ring)
MPRegen 0.08/turn               (no ring)
                                (no ring)
                                (no ring)

@: no status effects
A: almost no armour, amphibious, 8 rings, camouflage 1, gelatinous body 1,
(nimble swimmer 1), tentacles
a: no special abilities


You were on level 2 of the Dungeon.
You visited 1 branch of the dungeon, and saw 2 of its levels.

You collected 103 gold pieces.

Inventory:

Hand Weapons
 a - a +2 dagger
 d - a +1 dagger of electrocution (weapon)
   (You took it off a kobold on level 1 of the Dungeon)
 n - a +2 halberd of freezing
   (You found it on level 2 of the Dungeon)
Missiles
 b - 8 poisoned darts (quivered)
 c - 91 stones
 e - 18 sling bullets
 h - 46 arrows
 F - 2 curare-tipped darts
Armour
 l - a +0 kite shield
   (You found it on level 1 of the Dungeon)
Scrolls
 f - a scroll of magic mapping {unknown}
 g - a scroll of noise {unknown}
 j - 3 scrolls of identify {unknown}
 k - a scroll of teleportation {unknown}
 o - a scroll of blinking {unknown}
Potions
 i - a potion of might {unknown}
 m - a potion of flight {unknown}
 p - a potion of haste {unknown}


   Skills:
 * Level 3.0 Fighting
 + Level 2.7 Short Blades
 - Level 2.0 Throwing
 + Level 1.3 Dodging
 + Level 5.4 Stealth


You couldn't memorise any spells.
You knew the following spells:

 Your Spells              Type           Power      Damage    Failure   Level
a - Poisonous Vapours     Pois/Air       0%         N/A       43%         2

Your spell library contained the following spells:

 Spells                   Type           Power      Damage    Failure   Level
 Corpse Rot               Necr/Air       0%         N/A       43%         2
 Tukima's Dance           Hex            0%         N/A       67%         3
 Anguish                  Hex/Necr       0%         N/A       97%         4
 Enfeeble                 Hex            0%         N/A       100%        7


Dungeon Overview and Level Annotations

Branches:
Dungeon (2/15)

Altars:

Annotations:
D:2 Sigmund


Innate Abilities, Weirdness & Mutations

You cannot wear most types of armour.
You are amphibious.
You can wear up to eight rings at the same time.
Your skin changes colour to match your surroundings (Stealth+).
Your rubbery body absorbs attacks. (AC +1, EV +1)
((You are camouflaged when in or above water. (Stealth+)))
You have tentacles for arms and can constrict up to eight enemies at once.


Message History

A frilled lizard comes into view.
A frilled lizard is nearby!
A frilled lizard is nearby!
Found 19 stones.
A jackal comes into view.
The frilled lizard hisses angrily.
The jackal barks!
You hear a bark! x2
You closely miss the frilled lizard. Your grab misses the frilled lizard.
The frilled lizard misses you.
You hit the frilled lizard.
You kill the frilled lizard!
A jackal comes into view.
You hit the jackal. You grab the jackal.
The jackal is heavily wounded.
You constrict the jackal.
The jackal bites you but does no damage.
You hit the jackal but do no damage. You squeeze the jackal.
You kill the jackal!
You hit the jackal. Lightning courses through the jackal!
You kill the jackal!
No target in view!
No target in view!
No target in view!
No target in view!
No target in view!
No target in view!
No target in view!
No target in view!
No target in view!
No target in view!
No target in view!
No target in view!
c - 64 stones (gained 19)
A dart slug comes into view.
Health restored: 25 A dart slug is nearby!
A dart slug is nearby!
Found a fuming pink potion.
The helpless dart slug fails to defend itself.
You impale the dart slug!!
You kill the dart slug!
No target in view!
No target in view!
No target in view!
No target in view!
No target in view!
No target in view!
No target in view!
No target in view!
No target in view!
You see here a dart slug corpse.
p - a fuming pink potion You now have 60 gold pieces (gained 11).
A jackal comes into view.
A jackal is nearby!
The jackal barks!
The jackal bites you. x2
You take 4 damage, and have 21/25 hp.
You hit the jackal but do no damage. Lightning courses through the jackal!!
You kill the jackal!
No target in view!
No target in view!
No target in view!
No target in view!
No target in view!
No target in view!
No target in view!
No target in view!
A quokka comes into view.
You see here a jackal corpse.
A quokka is nearby!
The quokka bites you but does no damage.
You closely miss the quokka. You grab the quokka. You constrict the quokka.
The quokka closely misses you.
You barely miss the quokka.
The quokka is lightly wounded.
You constrict the quokka. The quokka barely misses you.
You hit the quokka. You squeeze the quokka.
The quokka is almost dead.
You constrict the quokka.
You kill the quokka!
No target in view!
No target in view!
No target in view!
No target in view!
No target in view!
No target in view!
No target in view!
You see here a quokka corpse.
A dart slug comes into view.
A dart slug is nearby!
The helpless dart slug fails to defend itself.
You impale the dart slug!!
You kill the dart slug!
Your Fighting skill increases to level 3!
No target in view!
No target in view!
No target in view!
No target in view!
No target in view!
No target in view!
No target in view!
No target in view!
You now have 76 gold pieces (gained 16).
c - 86 stones (gained 22)
You now have 87 gold pieces (gained 11).
Found a spear.
Health restored: 26 A kobold comes into view.
It is wielding a +0 dagger.
You see here 16 gold pieces.
You now have 103 gold pieces (gained 16).
The helpless kobold fails to defend itself.
You impale the kobold!!
You kill the kobold!
No target in view!
No target in view!
No target in view!
No target in view!
No target in view!
No target in view!
No target in view!
No target in view!
No target in view!
c - 91 stones (gained 5)
Things that are here:
a +0 dagger; a kobold corpse A hobgoblin comes into view.
A hobgoblin is nearby!
Found a brass wand.
Found a faded altar of an unknown god.
A gnoll comes into view.
It is wielding a +0 whip. 2 gnolls come into view.
You see here a wand of mindburst (7).
The hobgoblin shouts!
The gnoll shouts!
The hobgoblin drinks a potion.
The hobgoblin flickers and vanishes!
Deactivating autopickup; reactivate with Ctrl-A.
Something hits you.
You take 4 damage, and have 22/26 hp.
Something hits you. The gnoll closely misses you.
You take 2 damage, and have 20/26 hp.
You barely miss the gnoll. You grab the gnoll. You squeeze the gnoll.
The gnoll is lightly wounded.
You constrict the gnoll, but do no damage.
Something hits you. The gnoll misses you.
You take 3 damage, and have 17/26 hp.
You hit the gnoll but do no damage.
The gnoll is lightly wounded.
You constrict the gnoll. The gnoll hits you with a +0 whip! Something hits you.
* * * LOW HITPOINT WARNING * * *
The gnoll hits you with a +0 whip!
You die...

.........#.##
.#.........#.
#...g.......# #
#.....≈≈....#.#
#####
#....≈._≈......
#.....#.....≈≈....#
#.# #.#......g....#
#.# #.#....g@...#
#.# #.......{.#.#
#.######.#/....#.#
#.........#####.##
#..######......##
####..# #.######
......# #.# ##.##.#
#.# #.##.# #..


You could see 3 gnolls.

Vanquished Creatures
  3 dart slugs
  3 ball pythons
  3 bats (D:1)
  An endoplasm (D:1)
  2 giant cockroaches (D:2)
  2 goblins
  3 hobgoblins
  3 jackals (D:2)
  4 quokkas
  5 frilled lizards
  2 kobolds
  2 rats (D:1)
33 creatures vanquished.

Notes
Turn   | Place    | Note
-------+----------+-------------------------------------------
     0 | D:1      | mdonais the Octopode Brigand began the quest for the Orb.
     0 | D:1      | Reached XP level 1. HP: 14/14 MP: 1/1
   226 | D:1      | Reached XP level 2. HP: 20/20 MP: 2/2
   899 | D:2      | Noticed Sigmund
   916 | D:2      | Reached XP level 3. HP: 25/25 MP: 3/3
   978 | D:2      | Learned a level 2 spell: Poisonous Vapours
  1252 | D:2      | Found a faded altar of an unknown god.
  1262 | D:2      | Slain by a gnoll

Illustrated notes

Levels and vault maps discovered:
D:1:      amcnicky_arrival_flooded_fountain, layout_basic, minivault_5,
          minmay_misc_feat_more_columns
D:2:      layout_loops_ring, shapermc_ecumenical_altar_starsandcircs,
          nrook_campfire, uniq_sigmund

Skill      XL: |  1  2  3 |
---------------+----------+-----
Fighting       | 3 |  3.0
Short Blades   | |  2.7
Throwing       | |  2.0
Dodging        | |  1.3
Stealth        | |  5.4

Action                   || total
-------------------------++-------
Melee: Dagger            ||    51
       Tentacles         ||     8
       Constrict         ||     8
 Stab: Sleeping          ||    18
Armor: Skin              ||     4
Dodge: Dodged            ||    16
